 Dungeon Crawl Stone Soup version 0.26.1-2-gb8aa6d0cf2 (webtiles) character file.

Game seed: 16479882833375025872

47 funkygono the Skirmisher (level 3, -3/30 HPs)
             Began as a Demonspawn Abyssal Knight on Feb 17, 2021.
             Was a Follower of Lugonu.
             Slain by a gnoll
             ... wielding a +0 spear
              (5 damage)
             ... on level 2 of the Dungeon.
             The game lasted 00:02:35 (1974 turns).

funkygono the Skirmisher (DsAK)                     Turns: 1974, Time: 00:02:36

Health: -3/30      AC:  3    Str: 13    XL:     3   Next: 48%
Magic:  4/4        EV: 11    Int: 13    God:    Lugonu [*.....]
Gold:   55         SH:  0    Dex: 12    Spells: 2/2 levels left

rFire    + . .     SeeInvis .   a - +1 mace
rCold    . . .     Faith    +   (no shield)
rNeg     . . .     Spirit   .   b - +0 leather armour
rPois    .         Reflect  .   (no helmet)
rElec    .         Harm     .   (no cloak)
rCorr    .         Rampage  .   (no gloves)
Will     .....                  (no boots)
Stlth    +.........             o - amulet of faith
HPRegen  0.10/turn              (no ring)
MPRegen  0.09/turn              (no ring)

@: no status effects
A: hooves 1, fire resistance 1
a: Renounce Religion, Depart the Abyss


You were on level 2 of the Dungeon.
You worshipped Lugonu.
Lugonu was aware of your devotion.
You visited 1 branch of the dungeon, and saw 2 of its levels.
You visited the Abyss 1 time.

You collected 55 gold pieces.

Inventory:

Hand Weapons
 a - a +1 mace (weapon)
Missiles
 e - 89 stones
 j - 56 bolts
Armour
 b - a +0 leather armour (worn)
Jewellery
 o - an amulet of faith (around neck)
Scrolls
 f - a scroll of immolation {unknown}
 g - a scroll of enchant weapon {unknown}
 m - a scroll of teleportation
 p - a scroll of remove curse {unknown}
Potions
 c - 2 potions of curing
 d - a potion of berserk rage {unknown}
 h - a potion of mutation {unknown}
 i - a potion of haste
 k - a potion of flight {unknown}
 l - 2 potions of lignification {unknown}
 n - a potion of magic {unknown}


   Skills:
 + Level 3.7 Fighting
 + Level 2.3 Maces & Flails
 + Level 2.2 Armour
 + Level 1.2 Dodging
 + Level 2.5 Invocations


You had 2 spell levels left.
You didn't know any spells.
Your spell library was empty.

Dungeon Overview and Level Annotations

Branches:
Dungeon (2/15)

Altars:


Innate Abilities, Weirdness & Mutations

You have large cloven feet.
Your flesh is heat resistant. (rF+)


Message History

The gnoll barely misses you.
You barely miss the gnoll.
The gnoll is heavily wounded.
You hit the gnoll.
The gnoll is lightly wounded.
The gnoll barely misses you. x2; The gnoll closely misses you.
You sock the gnoll! Your kick misses the gnoll.
The gnoll is severely wounded.
The gnoll hits you with a +0 club!
The gnoll hits you from afar with a +0 spear!
You barely miss the gnoll. You kick the gnoll.
The gnoll is almost dead.
The gnoll closely misses you. The gnoll barely misses you.
You hit the gnoll.
You kill the gnoll!
Lugonu accepts your kill.
The gnoll hits you from afar with a +0 spear!
* * * LOW HITPOINT WARNING * * *
The gnoll hits you with a +0 spear.
You die...

#.# #.# #.#....
##.## #.# #.#.###
##...## #.# #.#.#
#.....# #.## #.#.###
#.....#### #..#
#...... #.....##.##
##.# #######
##...##.#.## #.#
##....###.########.#
#.#.#####.ggg@....#
#.#.......######..#
#.#.......######..#
#.#...............#
#.#..<............#
#...gg....######..#
#...g.....# #†.#
...........# #..#
##......####
#..###########


You could see 3 gnolls.

Vanquished Creatures
  A gnoll (D:2)
  3 dart slugs (D:1)
  5 bats
  6 goblins
  2 hobgoblins (D:1)
  3 jackals (D:1)
  5 kobolds
  A ball python (D:1)
  2 frilled lizards (D:1)
  3 rats (D:1)
31 creatures vanquished.

Notes
Turn   | Place    | Note
-------+----------+-------------------------------------------
     0 | Abyss:1  | funkygono the Demonspawn Abyssal Knight began the quest for
                  | the Orb.
     0 | Abyss:1  | Reached XP level 1. HP: 18/18 MP: 2/2
    78 | Abyss:1  | Noticed a quasit
    86 | D:1      | Escaped the Abyss
   378 | D:1      | Gained mutation: You have large cloven feet. [demonic
                  | ancestry]
   378 | D:1      | Reached XP level 2. HP: 22/24 MP: 3/3
   382 | D:1      | Reached * piety under Lugonu
   922 | D:1      | Gained mutation: Your flesh is heat resistant. (rF+)
                  | [demonic ancestry]
   922 | D:1      | Reached XP level 3. HP: 12/29 MP: 4/4
  1256 | D:1      | Reached skill level 1 in Dodging
  1974 | D:2      | Slain by a gnoll

Illustrated notes

Levels and vault maps discovered:
D:1:      eino_arrival_cavern_b, layout_basic, minmay_tetromino_l4
D:2:      layout_loops_ring

Skill      XL: |  1  2  3 |
---------------+----------+-----
Armour         | 2 |  2.2
Maces & Flails | 2 |  2.3
Dodging        | 1 |  1.2
Fighting       | |  3.7
Invocations    | |  2.5

Action                   || total
-------------------------++-------
Melee: Mace              ||    95
       Kick              ||    12
Invok: Depart the Abyss  ||     1
  Use: Scroll            ||     4
Armor: Leather armour    ||    29
Dodge: Dodged            ||   104
